 Dungeon Crawl Stone Soup version 0.20.1-1-g8b1a95d (webtiles) character file.

987 torrenera the Cudgeler (level 8, 0/81 HPs)
             Began as an Ogre Berserker on July 4, 2017.
             Was a Priest of Trog.
             Slain by an orc warrior
             ... wielding a +0 mace
              (13 damage)
             ... on level 6 of the Dungeon on July 5, 2017.
             The game lasted 00:11:38 (5896 turns).

torrenera the Cudgeler (Ogre Berserker)             Turns: 5896, Time: 00:11:39

Health: 0/81       AC: 10    Str: 22    XL:     8   Next: 18%
Magic:  8/8        EV: 11    Int:  8    God:    Trog [***...]
Gold:   300        SH:  0    Dex: 10    Spells: 7/7 levels left

rFire    x . .     SeeInvis .   A - +0 mace (protect)
rCold    + + .     Gourm    .   (no shield)
rNeg     . . .     Faith    .   b - +0 animal skin
rPois    .         Spirit   .   (helmet restricted)
rElec    .         Reflect  .   (no cloak)
rCorr    .         Harm     .   (gloves unavailable)
MR       .....                  (boots unavailable)
Stlth    +.........             (no amulet)
Regen    0.3/turn               o - ring of ice
MPRegen  0.2/turn               y - ring of protection from cold

@: protection aura, berserk cooldown, starving, slowed, very slow
A: unfitting armour, tough skin 1
a: Berserk, Trog's Hand, Burn Spellbooks, Renounce Religion


You were on level 6 of the Dungeon.
You worshipped Trog.
Trog was most pleased with you.
You were starving.

You visited 1 branch of the dungeon, and saw 6 of its levels.

You collected 300 gold pieces.

Inventory:

Hand Weapons
 A - a +0 mace of protection (weapon)
Missiles
 k - 169 stones (quivered)
 D - 6 javelins
Armour
 b - a +0 animal skin (worn)
 v - a cursed +0 shield
Jewellery
 o - a ring of ice (left hand)
 y - a ring of protection from cold (right hand)
Scrolls
 d - a scroll of fog
 e - a scroll of remove curse
 f - 2 scrolls of amnesia {unknown}
 i - a scroll of enchant weapon {unknown}
 n - a scroll of identify
 q - a scroll of fear {unknown}
 s - 3 scrolls of teleportation
 t - 3 scrolls of recharging {unknown}
 x - 3 scrolls of noise {unknown}
 z - a scroll of immolation {unknown}
Potions
 a - a potion of magic
 g - a potion of ambrosia {unknown}
 h - a potion of haste
 j - a potion of degeneration
 l - a potion of flight
 m - 2 potions of agility {unknown}
 p - 2 potions of might {unknown}
 u - a potion of cancellation {unknown}
 w - 3 potions of curing
Comestibles
 c - 5 bread rations
 r - a fruit
 B - 3 royal jellies
 C - 2 meat rations


   Skills:
 - Level 5.5 Fighting
 + Level 7.6 Maces & Flails
 - Level 0.4 Throwing
 - Level 4.3 Dodging
 - Level 0.5 Stealth


You had 7 spell levels left.
You didn't know any spells.

Dungeon Overview and Level Annotations

Branches:
Dungeon (6/15)
 Temple: D:4-7

Altars:
Uskayaw


Innate Abilities, Weirdness & Mutations

You are too large for most types of armour.
You have tough skin. (AC +1)


Message History

You closely miss the orc warrior.
The orc warrior is lightly wounded.
The orc priest invokes the aid of Beogh against you.
Beogh smites you!
You hit the orc warrior but do no damage.
The orc warrior is lightly wounded.
The orc warrior hits you with a mace.
* * * LOW HITPOINT WARNING * * *
You hit the orc warrior.
The orc warrior is lightly wounded.
You closely miss the orc warrior.
The orc warrior is lightly wounded.
You are no longer berserk.
You are exhausted.
You feel yourself slow down. The orc warrior hits you with a mace!
* * * LOW HITPOINT WARNING * * *
You hit the orc warrior but do no damage.
The orc warrior is lightly wounded.
The orc warrior hits you with a mace!
You die...

###### #....#.#....
#....# #....#.#.###
###+##....###.........
#....#....##.........##
+....+....'...........
#....#(...##...........
#.......................
#......)####......###
#.#)###@# ......... #
#o# ##....... .o.
#...... ..... ....#
#.....# #+#+#.# .. ###


You could see an orc warrior and an orc priest.

Vanquished Creatures
  An orc warrior (D:6)
  A sky beast (D:5)
  2 centaurs
  A howler monkey (D:5)
  A hound (D:4)
  5 orc priests (D:5)
  3 orc wizards
  4 worker ants
  A worker ant zombie (D:5)
  8 adders
  A shadow imp (D:3)
  2 oozes
  2 adder zombies (D:6)
  3 worms
  2 dart slugs
  3 leopard geckos
  23 orcs
  5 bats
  3 giant cockroaches
  4 goblins
  9 hobgoblins
  15 jackals
  2 quokkas
  2 ball pythons
  6 frilled lizards
  8 kobolds
  6 rats
123 creatures vanquished.

Notes
Turn   | Place    | Note
-------+----------+-------------------------------------------
     0 | D:1      | torrenera the Ogre Berserker began the quest for the Orb.
     0 | D:1      | Reached XP level 1. HP: 24/24 MP: 1/1
   260 | D:1      | Reached XP level 2. HP: 30/32 MP: 2/2
   506 | D:1      | Reached skill level 3 in Maces & Flails
   826 | D:1      | Reached XP level 3. HP: 38/40 MP: 3/3
   895 | D:1      | Reached ** piety under Trog
  2007 | D:3      | Reached XP level 4. HP: 49/49 MP: 4/4
  2792 | D:3      | Reached XP level 5. HP: 46/55 MP: 5/5
  2866 | D:3      | Reached skill level 5 in Fighting
  2999 | D:4      | Reached skill level 4 in Maces & Flails
  3384 | D:4      | Noticed a centaur
  3394 | D:4      | Killed a centaur
  3394 | D:4      | Reached XP level 6. HP: 54/66 MP: 6/6
  3770 | D:5      | Entered Level 5 of the Dungeon
  4089 | D:5      | Reached skill level 5 in Maces & Flails
  4126 | D:5      | Reached *** piety under Trog
  4138 | D:5      | Noticed a sky beast
  4296 | D:5      | Killed a sky beast
  4296 | D:5      | Reached XP level 7. HP: 34/72 MP: 7/7
  4619 | D:5      | Found a hide-covered altar of Uskayaw.
  4828 | D:5      | Reached skill level 6 in Maces & Flails
  5151 | D:5      | Reached skill level 7 in Maces & Flails
  5151 | D:5      | Reached XP level 8. HP: 71/81 MP: 8/8
  5896 | D:6      | Slain by an orc warrior

Skill      XL: |  1  2  3  4  5  6  7 |
---------------+----------------------+-----
Dodging        | 3 4 |  4.3
Maces & Flails | 3 4 5 7 |  7.6
Fighting       | 5 |  5.5
Throwing       | |  0.4
Stealth        | |  0.5

Action                   |  1- 3 |  4- 6 |  7- 9 || total
-------------------------+-------+-------+-------++-------
Melee: Mace              |   123 |   273 |   175 ||   571
Throw: Stone             |     1 |     3 |       ||     4
Invok: Trog's Hand       |       |     4 |     4 ||     8
       Berserk           |       |     1 |     2 ||     3
  Use: Scroll            |       |     9 |       ||     9
       Potion            |       |       |     1 ||     1
  Eat: Chunk             |     4 |    10 |     6 ||    20
Armor: Animal skin       |    36 |    88 |   102 ||   226
Dodge: Dodged            |    96 |   167 |   137 ||   400
